HSSL
COWETA HS TIGERS @ EVANS HS KNIGHTS
04/28/2025
 
TOP OF THE 1ST
Coweta HS Tigers batting - Pitching for Evans HS Knights : RHP Jeff Beatty
Pitching: RHP Jeff Beatty
Batting: RHB Joe LaFontaine 0-0: Called Strike
0-1: Called Strike
0-2: Ball
1-2: Ball
2-2: Strikes out looking
Batting: RHB Brian Andrews 0-0: Ball
1-0: Ball
2-0: Ball
3-0: Base on Balls
Batting: LHB Jamie Walker 0-0: Swinging Strike
0-1: Ball
1-1: Ball
2-1: Fly out, F9 (Line Drive, 9M)
Batting: RHB Luis Brito 0-0: Swinging Strike
0-1: Swinging Strike
0-2: Foul Ball, location: 2F
0-2: Foul Ball, location: 2F
0-2: Ball
1-2: Ground out 4-3 (Groundball, 4)
Top of the 1st over - 0 run(s), 0 hit(s), 0 error(s), 1 left on base; Coweta HS 0 - Evans HS 0
BOTTOM OF THE 1ST
Evans HS Knights batting - Pitching for Coweta HS Tigers : LHP Will Merritt
Pitching: LHP Will Merritt
Batting: RHB Ronnie Rogers 0-0: Ball
1-0: Ball
2-0: Ball
3-0: Called Strike
3-1: Foul Ball, location: 2F
3-2: Strikes out swinging
Batting: SHB Brandon Hathaway 0-0: Called Strike
0-1: Ball
1-1: Ball
2-1: Called Strike
2-2: Ball
3-2: DOUBLE (Flyball, 8RD)
Batting: SHB Bryan Atkins 0-0: Ball
1-0: Fly out, F8 (Flyball, 8RM)
Batting: LHB Quinn Webb 0-0: Called Strike
0-1: SINGLE (Groundball, 34D)
Brandon Hathaway to third
Batting: RHB Harvey Mawhinney 0-0: Ball
1-0: Foul Ball, location: 2F
1-1: Ball
2-1: Foul Ball, location: 2F
2-2: SINGLE (Groundball, 56D)
Brandon Hathaway scores
Quinn Webb to second
Batting: LHB Gerald Murphy 0-0: Ball
1-0: Foul Ball, location: 2F
1-1: Called Strike
1-2: Ball
2-2: Foul Ball, location: 2F
2-2: Foul Ball, location: 2F
2-2: Foul Ball, location: 2F
2-2: Ball
3-2: Base on Balls
Quinn Webb to third
Harvey Mawhinney to second
Batting: LHB Nick Weber 0-0: Called Strike
0-1: Called Strike
0-2: Ball
1-2: SINGLE (Groundball, 56D)
Quinn Webb scores
Harvey Mawhinney to third
Gerald Murphy to second
Runner from 3rd tries for Home, SAFE, no throw or cutoff
Batting: RHB David Banks 0-0: Ball
1-0: Swinging Strike
Single, Error in OF, E8, batter to second base
Gerald Murphy scores
Nick Weber to third
Batting: RHB Fernando Rosales 0-0: Ball
1-0: Ball
2-0: Called Strike
2-1: Foul Ball, location: 2F
2-2: Ball
3-2: Base on Balls
Batting: RHB Ronnie Rogers 0-0: Ball
1-0: Called Strike
1-1: Ball
2-1: Swinging Strike
2-2: SINGLE (Line Drive, 6D)
Nick Weber scores
David Banks to third
Fernando Rosales to second
Runner from 3rd tries for Home, SAFE, throw made at trailing runner, OUT at third!
Bottom of the 1st over - 6 run(s), 6 hit(s), 1 error(s), 1 left on base; Coweta HS 0 - Evans HS 6
TOP OF THE 2ND
Coweta HS Tigers batting - Pitching for Evans HS Knights : RHP Jeff Beatty
Batting: RHB Dusty Green 0-0: Called Strike
0-1: Ball
1-1: Foul Ball, location: 2F
1-2: Strikes out looking
Batting: RHB Ben Johnson 0-0: Called Strike
0-1: Fly out, F5 (Popup, 5SF)
Batting: RHB Bill Tremblay 0-0: Called Strike
0-1: Reached on error, E5 (Groundball, 56)
Batting: RHB Jon Waller 0-0: Called Strike
0-1: Ball
1-1: Ball
2-1: Fielders Choice at 2nd, U6 (Groundball, 6M)
Top of the 2nd over - 0 run(s), 0 hit(s), 1 error(s), 1 left on base; Coweta HS 0 - Evans HS 6
BOTTOM OF THE 2ND
Evans HS Knights batting - Pitching for Coweta HS Tigers : LHP Will Merritt
Batting: SHB Brandon Hathaway 0-0: Fly out, F4 (Popup, 9LS)
Batting: SHB Bryan Atkins 0-0: Called Strike
0-1: Ball
1-1: Ball
2-1: Called Strike
2-2: Strikes out swinging
Batting: LHB Quinn Webb 0-0: Swinging Strike
0-1: SINGLE (Groundball, 6S)
Batting: RHB Harvey Mawhinney 0-0: Ball
Quinn Webb steals 2nd base
1-0: Called Strike
1-1: Ball
2-1: Fly out, F7 (Flyball, 7M)
Bottom of the 2nd over - 0 run(s), 1 hit(s), 0 error(s), 1 left on base; Coweta HS 0 - Evans HS 6
TOP OF THE 3RD
Coweta HS Tigers batting - Pitching for Evans HS Knights : RHP Jeff Beatty
Batting: SHB Jessie Teague 0-0: Called Strike
0-1: Ball
1-1: Ball
2-1: Ball
3-1: Base on Balls
Batting: RHB Joe LaFontaine 0-0: Ball
1-0: Foul Ball, location: 2F
1-1: Ball
2-1: Ball
3-1: Called Strike
3-2: Base on Balls
Jessie Teague to second
Batting: RHB Brian Andrews 0-0: Ball
1-0: Swinging Strike
1-1: Ball
2-1: Ball
Wild Pitch!
Jessie Teague to third
Joe LaFontaine to second
3-1: Called Strike
3-2: Strikes out swinging
Batting: LHB Jamie Walker 0-0: Ball
1-0: Ball
2-0: Called Strike
2-1: Foul Ball, location: 2F
2-2: Foul Ball, location: 2F
2-2: Ball
3-2: Base on Balls
Batting: RHB Luis Brito 0-0: Called Strike
0-1: Ball
1-1: Called Strike
1-2: Foul Ball, location: 2F
1-2: Ball
2-2: Foul Ball, location: 2F
2-2: DOUBLE (Groundball, 5L)
Jessie Teague scores
Joe LaFontaine scores
Jamie Walker to third
Runner from 3rd tries for Home, SAFE, no throw or cutoff
Batting: RHB Dusty Green 0-0: Fly out, F4 (Line Drive, 4M)
Batting: RHB Ben Johnson 0-0: Swinging Strike
0-1: Ball
1-1: Ball
2-1: Foul Ball, location: 2F
2-2: Ground out 6-3 (Groundball, 6)
Top of the 3rd over - 3 run(s), 1 hit(s), 0 error(s), 1 left on base; Coweta HS 3 - Evans HS 6
BOTTOM OF THE 3RD
Evans HS Knights batting - Pitching for Coweta HS Tigers : LHP Will Merritt
Batting: LHB Gerald Murphy 0-0: Ball
1-0: Called Strike
1-1: Fly out, F7 (Flyball, 78D)
Batting: LHB Nick Weber 0-0: Called Strike
0-1: Swinging Strike
0-2: Foul Ball, location: 2F
0-2: Ball
1-2: Ball
2-2: Foul Ball, location: 2F
2-2: Foul Ball, location: 2F
2-2: Foul Ball, location: 2F
2-2: Ball
3-2: Foul Ball, location: 2F
3-2: Foul Ball, location: 2F
3-2: Base on Balls
Batting: RHB David Banks 0-0: Ball
1-0: Foul Ball, location: 2F
1-1: Swinging Strike
1-2: Strikes out swinging
Batting: RHB Fernando Rosales 0-0: Called Strike
0-1: Foul Ball, location: 2F
0-2: Strikes out swinging
Bottom of the 3rd over - 0 run(s), 0 hit(s), 0 error(s), 1 left on base; Coweta HS 3 - Evans HS 6
TOP OF THE 4TH
Coweta HS Tigers batting - Pitching for Evans HS Knights : RHP Jeff Beatty
Batting: RHB Bill Tremblay 0-0: Fly out, F7 (Line Drive, 78M)
Batting: RHB Jon Waller 0-0: Ball
1-0: Ball
2-0: Swinging Strike
2-1: Foul Ball, location: 2F
2-2: Ball
3-2: Base on Balls
Batting: SHB Jessie Teague 0-0: Grounds into double play, 3-6-3 (Groundball, 3)
Top of the 4th over - 0 run(s), 0 hit(s), 0 error(s), 0 left on base; Coweta HS 3 - Evans HS 6
BOTTOM OF THE 4TH
Evans HS Knights batting - Pitching for Coweta HS Tigers : LHP Will Merritt
Pitching: RHP Dustin Cook
Batting: RHB Ronnie Rogers 0-0: Ball
1-0: Called Strike
1-1: Ball
2-1: Fly out, F7 (Flyball, 78M)
Batting: SHB Brandon Hathaway 0-0: Swinging Strike
0-1: Ball
1-1: Foul Ball, location: 2F
1-2: Foul Ball, location: 2F
1-2: Foul Ball, location: 2F
1-2: Foul Ball, location: 2F
1-2: Strikes out swinging
Batting: SHB Bryan Atkins 0-0: Called Strike
0-1: Ball
1-1: Foul Ball, location: 2F
1-2: SINGLE (Line Drive, 34)
Batting: LHB Quinn Webb 0-0: Ball
1-0: Called Strike
1-1: Swinging Strike
1-2: Strikes out swinging
Bottom of the 4th over - 0 run(s), 1 hit(s), 0 error(s), 1 left on base; Coweta HS 3 - Evans HS 6
TOP OF THE 5TH
Coweta HS Tigers batting - Pitching for Evans HS Knights : RHP Jeff Beatty
Batting: RHB Joe LaFontaine 0-0: Called Strike
0-1: Foul Ball, location: 2F
0-2: Ball
1-2: Ball
2-2: Ball
3-2: Base on Balls
Pitching: RHP Paul Bryant
Batting: RHB Brian Andrews Single, Error in OF, E9, batter to second base
Joe LaFontaine to third
Batting: LHB Jamie Walker 0-0: Ball
1-0: Swinging Strike
1-1: SINGLE (Groundball, 56)
Joe LaFontaine scores
Brian Andrews to third
Batting: RHB Luis Brito 0-0: Ball
1-0: Foul Ball, location: 2F
1-1: SINGLE (Groundball, 34D)
Brian Andrews scores
Jamie Walker to second
Runner from 2nd tries for 3rd, SAFE, throw made to third
Batting: RHB Dusty Green 0-0: Ball
1-0: Fly out, F7 (Flyball, 78M)
Runner from 3rd tags up, SCORES, no throw
Batting: RHB Ben Johnson 0-0: Swinging Strike
0-1: Foul Ball, location: 2F
0-2: Strikes out swinging
Batting: RHB Bill Tremblay 0-0: Foul Ball, location: 2F
0-1: Called Strike
0-2: Strikes out swinging
Top of the 5th over - 3 run(s), 3 hit(s), 1 error(s), 1 left on base; Coweta HS 6 - Evans HS 6
BOTTOM OF THE 5TH
Evans HS Knights batting - Pitching for Coweta HS Tigers : RHP Dustin Cook
Batting: RHB Harvey Mawhinney 0-0: Foul Ball, location: 2F
0-1: Ball
1-1: Ball
2-1: Foul Ball, location: 2F
2-2: Ball
3-2: Foul Ball, location: 2F
3-2: Strikes out swinging
Batting: LHB Gerald Murphy 0-0: Called Strike
0-1: Ball
1-1: Foul Ball, location: 2F
1-2: Foul Ball, location: 2F
1-2: Ball
2-2: Ground out 4-3 (Groundball, 34)
Batting: LHB Nick Weber 0-0: Ball
1-0: Ball
2-0: Swinging Strike
2-1: Foul Ball, location: 2F
2-2: Strikes out swinging
Bottom of the 5th over - 0 run(s), 0 hit(s), 0 error(s), 0 left on base; Coweta HS 6 - Evans HS 6
TOP OF THE 6TH
Coweta HS Tigers batting - Pitching for Evans HS Knights : RHP Paul Bryant
Batting: RHB Jon Waller 0-0: Foul Ball, location: 2F
0-1: Ball
1-1: SINGLE (Groundball, 34D)
Batting: SHB Jessie Teague 0-0: Called Strike
0-1: Ball
1-1: Called Strike
1-2: Strikes out swinging
Batting: RHB Joe LaFontaine 0-0: Called Strike
0-1: Ball
1-1: Foul Ball, location: 2F
1-2: Foul Ball, location: 2F
1-2: Ball
2-2: Strikes out looking
Jon Waller steals 2nd base
Batter strikes out.
Batting: RHB Brian Andrews 0-0: Hit by Pitch
Batting: LHB Jamie Walker 0-0: Ball
1-0: Foul Ball, location: 2F
1-1: SINGLE (Groundball, 5D)
Jon Waller to third
Brian Andrews to second
Runner from 3rd tries for Home, SAFE, no throw or cutoff
Pitching: RHP David Munger
Batting: RHB Luis Brito 0-0: Ball
1-0: Swinging Strike
1-1: Called Strike
1-2: Ball
2-2: Ball
3-2: Strikes out swinging
Top of the 6th over - 1 run(s), 2 hit(s), 0 error(s), 2 left on base; Coweta HS 7 - Evans HS 6
BOTTOM OF THE 6TH
Evans HS Knights batting - Pitching for Coweta HS Tigers : RHP Dustin Cook
Batting: RHB David Banks 0-0: SINGLE (Line Drive, 78M)
Batting: RHB Fernando Rosales 0-0: Ball
1-0: SINGLE (Flyball, 8LS)
David Banks to second
Batting: RHB Ronnie Rogers 0-0: Ball
Wild Pitch!
David Banks to third
Fernando Rosales to second
1-0: Called Strike
1-1: Called Strike
1-2: Ball
2-2: Fly out, F9 (Flyball, 89M)
Runner from 3rd tags up, SCORES, throw made
Batting: SHB Brandon Hathaway 0-0: Ball
1-0: Ball
2-0: Ball
3-0: Called Strike
3-1: Base on Balls
Batting: SHB Bryan Atkins 0-0: Ball
1-0: Ball
2-0: Ball
3-0: Base on Balls
Fernando Rosales to third
Brandon Hathaway to second
Pitching: LHP Manuel Velasco
Batting: LHB Quinn Webb 0-0: Swinging Strike
0-1: Ball
1-1: Ball
2-1: Foul Ball, location: 2F
2-2: Strikes out swinging
Batting: RHB Harvey Mawhinney 0-0: Ball
1-0: Swinging Strike
1-1: Foul Ball, location: 2F
1-2: Ground out 6-3 (Groundball, 6)
Bottom of the 6th over - 1 run(s), 2 hit(s), 0 error(s), 3 left on base; Coweta HS 7 - Evans HS 7
TOP OF THE 7TH
Coweta HS Tigers batting - Pitching for Evans HS Knights : RHP David Munger
Batting: RHB Dusty Green 0-0: Called Strike
0-1: Foul Ball, location: 2F
0-2: Ball
1-2: Fly out, F7 (Line Drive, 7M)
Batting: RHB Ben Johnson 0-0: Ball
1-0: Fly out, F8 (Flyball, 8LM)
Batting: RHB Bill Tremblay 0-0: Ball
1-0: SINGLE (Line Drive, 4MD)
Batting: RHB Jon Waller 0-0: Called Strike
0-1: Fly out, F3 (Popup, 3SF)
Top of the 7th over - 0 run(s), 1 hit(s), 0 error(s), 1 left on base; Coweta HS 7 - Evans HS 7
BOTTOM OF THE 7TH
Evans HS Knights batting - Pitching for Coweta HS Tigers : LHP Manuel Velasco
Batting: LHB Gerald Murphy 0-0: Called Strike
0-1: Foul Ball, location: 2F
0-2: Ball
1-2: SINGLE (Line Drive, 8LS)
Batting: LHB Nick Weber 0-0: Sac Bunt - play at second, runner safe!
Batting: RHB David Banks 0-0: Ball
1-0: Ball
2-0: Reached on error, E4 (Groundball, 4)
Gerald Murphy to third
Nick Weber to second
Batting: RHB Fernando Rosales 0-0: Ball
1-0: Ball
2-0: Called Strike
2-1: SINGLE (Groundball, 5L)
Gerald Murphy scores
Nick Weber to third
David Banks to second
Batting: RHB Ronnie Rogers 0-0: Ball
1-0: Called Strike
1-1: Fly out, F8 (Flyball, 8LM)
Runner from 3rd tags up, SCORES, throw made
Batting: SHB Brandon Hathaway 0-0: Called Strike
0-1: Ball
1-1: Foul Ball, location: 2F
1-2: Ball
2-2: Foul Ball, location: 2F
2-2: Strikes out swinging
Batting: SHB Bryan Atkins 0-0: Ball
1-0: Foul Ball, location: 2F
1-1: Swinging Strike
1-2: Ball
2-2: Ball
3-2: Strikes out swinging
Bottom of the 7th over - 2 run(s), 2 hit(s), 1 error(s), 2 left on base; Coweta HS 7 - Evans HS 9
TOP OF THE 8TH
Coweta HS Tigers batting - Pitching for Evans HS Knights : RHP David Munger
Batting: SHB Jessie Teague 0-0: Ball
1-0: Ball
2-0: Called Strike
2-1: Called Strike
2-2: Ball
3-2: Ground out 4-3 (Groundball, 4)
Batting: RHB Joe LaFontaine 0-0: Ball
1-0: Ball
2-0: Foul Ball, location: 2F
2-1: Ball
3-1: Base on Balls
Pitching: RHP Brian Goodwin
Batting: RHB Brian Andrews 0-0: Ball
1-0: Ball
2-0: Ball
3-0: Base on Balls
Joe LaFontaine to second
Pitching: LHP Sam Wells
Batting: LHB Jamie Walker 0-0: Ball
1-0: Ball
Wild Pitch!
Joe LaFontaine to third
Brian Andrews to second
2-0: Called Strike
2-1: 3-RUN HOME RUN (Line Drive, 9LD), Distance : 337 ft
Batting: RHB Luis Brito 0-0: Ball
1-0: Ball
2-0: Called Strike
2-1: Ball
3-1: Foul Ball, location: 2F
3-2: Fly out, F8 (Popup, 6D)
Batting: RHB Dusty Green 0-0: Called Strike
0-1: Fly out, F6 (Line Drive, 6)
Top of the 8th over - 3 run(s), 1 hit(s), 0 error(s), 0 left on base; Coweta HS 10 - Evans HS 9
BOTTOM OF THE 8TH
Evans HS Knights batting - Pitching for Coweta HS Tigers : LHP Manuel Velasco
Batting: LHB Quinn Webb 0-0: Fly out, F5 (Popup, 5F)
Pitching: LHP Bill York
Batting: RHB Harvey Mawhinney 0-0: Ball
1-0: Called Strike
1-1: SINGLE (Line Drive, 8RS)
Pitching: RHP Octávio Durán
Batting: LHB Gerald Murphy 0-0: Ball
1-0: Ball
Wild Pitch!
Harvey Mawhinney to second
2-0: Foul Ball, location: 2F
2-1: Fly out, F7 (Flyball, 7LM)
Batting: LHB Nick Weber 0-0: Ball
1-0: Called Strike
1-1: Ball
2-1: Ground out 1-3 (Groundball, 15S)
Bottom of the 8th over - 0 run(s), 1 hit(s), 0 error(s), 1 left on base; Coweta HS 10 - Evans HS 9
TOP OF THE 9TH
Coweta HS Tigers batting - Pitching for Evans HS Knights : LHP Sam Wells
Batting: RHB Ben Johnson 0-0: Ball
1-0: Swinging Strike
1-1: Swinging Strike
1-2: SOLO HOME RUN (Flyball, 7D), Distance : 402 ft
Batting: RHB Bill Tremblay 0-0: Called Strike
0-1: Fly out, F7 (Flyball, 8LM)
Batting: RHB Jon Waller 0-0: Called Strike
0-1: Foul Ball, location: 2F
0-2: Ball
1-2: Foul Ball, location: 2F
1-2: Ball
2-2: Ball
3-2: Base on Balls
Batting: SHB Jessie Teague 0-0: Called Strike
0-1: Ball
1-1: Foul Ball, location: 2F
1-2: Ball
2-2: Foul Ball, location: 2F
2-2: Ball
3-2: Strikes out swinging
Batting: RHB Joe LaFontaine 0-0: Ball
1-0: Ball
2-0: Foul Ball, location: 2F
2-1: Ball
3-1: Called Strike
3-2: Strikes out swinging
Top of the 9th over - 1 run(s), 1 hit(s), 0 error(s), 1 left on base; Coweta HS 11 - Evans HS 9
BOTTOM OF THE 9TH
Evans HS Knights batting - Pitching for Coweta HS Tigers : RHP Octávio Durán
Pitching: LHP Steve Hickman
Batting: RHB David Banks 0-0: Ball
1-0: Ball
2-0: SINGLE (Groundball, 4)
Batting: RHB Fernando Rosales 0-0: Ball
1-0: Swinging Strike
1-1: Ball
2-1: Foul Ball, location: 2F
2-2: Strikes out swinging
Batting: RHB Ronnie Rogers 0-0: Called Strike
0-1: Ball
1-1: Swinging Strike
1-2: Strikes out looking
Batting: SHB Brandon Hathaway 0-0: Ball
1-0: Foul Ball, location: 2F
1-1: Foul Ball, location: 2F
1-2: Foul Ball, location: 2F
1-2: Strikes out swinging
Bottom of the 9th over - 0 run(s), 1 hit(s), 0 error(s), 1 left on base; Coweta HS 11 - Evans HS 9
This league is powered by Out of the Park Baseball, the baseball management simulation game for PC, Mac and Linux
Tuesday, August 2nd, 2016 - OOTP Baseball 16.8 Build 38